Workbook

Sheet MeerjarenPlan2024_2026
A1: Volgnummer | B1: Functie | C1: Sub | D1: ECG | E1: Economische Code | F1: Omschrijving | G1: Type budget | H1: Soort budget | I1: Transactiekrediet 2024 | J1: Transactiekrediet 2025 | K1: Transactiekrediet 2026 | L1: Volgnummer raming 2024
A2: WERKING
A3: GD - Ontvangsten
A4: MJP000126 | B4: 351 | D4: 60 | E4: 106-01 | F4: Creditnota's en ristorno's | G4: E | H4: O | I4: 500 | J4: 500 | K4: 500 | L4: 2024000108
A5: MJP000132 | B5: 351 | D5: 60 | E5: 106-02 | F5: Retour van ten onrechte betaalde personeelsuitgaven | G5: E | H5: O | I5: 500 | J5: 500 | K5: 500 | L5: 2024000114
A6: MJP000124 | B6: 351 | C6: 08 | D6: 60 | E6: 161-01 | F6: Interventies Zone | G6: E | H6: O | I6: 60000 | J6: 60000 | K6: 60000 | L6: 2024000106
A7: MJP000123 | B7: 351 | C7: 07 | D7: 60 | E7: 161-01 | F7: Preventie Zone | G7: E | H7: O | I7: 200000 | J7: 200000 | K7: 200000 | L7: 2024000105
A8: MJP000122 | B8: 351 | C8: 05 | D8: 60 | E8: 161-01 | F8: Ziekenwagen Turnhout en Hoogstraten | G8: E | H8: O | I8: 420000 | J8: 420000 | K8: 420000 | L8: 2024000104
A9: MJP000121 | B9: 351 | C9: 03 | D9: 60 | E9: 161-01 | F9: Doorrekening hydranten | G9: E | H9: O | I9: 7500 | J9: 7500 | K9: 7500 | L9: 2024000103
A10: MJP000060 | B10: 351 | C10: 02 | D10: 60 | E10: 161-01 | F10: Intrazonale prestaties | G10: E | H10: O | I10: 0 | J10: 0 | K10: 0 | L10: 2024000058
A11: MJP000131 | B11: 351 | D11: 60 | E11: 161-14 | F11: Pers bijdr MC personeel | G11: E | H11: O | I11: 24000 | J11: 24000 | K11: 24000 | L11: 2024000113
A12: MJP000361 | B12: 351 | D12: 60 | E12: 161-48 | F12: Terugvordering intresten kazerne Hoogstraten | G12: E | H12: O | I12: 0 | J12: 213885 | K12: 206645 | L12: 2024000191
A13: MJP000125 | B13: 351 | C13: 01 | D13: 60 | E13: 161-48 | F13: Andere ontvangsten en terugvorderingen | G13: E | H13: O | I13: 500 | J13: 500 | K13: 500 | L13: 2024000107
A14: MJP000360 | B14: 351 | D14: 60 | E14: 161-48 | F14: Terugvordering intresten kazerne Lille | G14: E | H14: O | I14: 0 | J14: 53475 | K14: 51665 | L14: 2024000190
D15: Totaal 60 | I15: =SUBTOTAL(9,I4:I14) -> 713000 | J15: =SUBTOTAL(9,J4:J14) -> 980360 | K15: =SUBTOTAL(9,K4:K14) -> 971310
A16: MJP000118 | B16: 351 | D16: 61 | E16: 380-01 | F16: Recuperatie verzekeringen schade en leven | G16: E | H16: O | I16: 40000 | J16: 40000 | K16: 40000 | L16: 2024000100
A17: MJP000119 | B17: 351 | D17: 61 | E17: 380-48 | F17: Recup adm kost aanmaningen | G17: E | H17: O | I17: 15000 | J17: 15000 | K17: 15000 | L17: 2024000101
A18: MJP000308 | B18: 351 | C18: 06 | D18: 61 | E18: 465-01 | F18: Recuperatie bodemonderzoek PFAS | G18: E | H18: O | I18: 0 | J18: 0 | K18: 0 | L18: 2024000171
A19: MJP000062 | B19: 351 | D19: 61 | E19: 465-01 | F19: Federale basisdotatie | G19: E | H19: O | I19: 776185 | J19: 776185 | K19: 776185 | L19: 2024000060
A20: MJP000120 | B20: 351 | D20: 61 | E20: 465-05 | F20: Premie GESCO personeel TU HO RA | G20: E | H20: O | I20: 20700 | J20: 20700 | K20: 20700 | L20: 2024000102
A21: MJP000235 | B21: 351 | D21: 61 | E21: 465-06 | F21: Doorrekening personeel aan VESTA | G21: E | H21: O | I21: 43000 | J21: 43000 | K21: 43000 | L21: 2024000151
A22: MJP000063 | B22: 351 | C22: 04 | D22: 61 | E22: 465-48 | F22: Bijkomende federale dotatie | G22: E | H22: O | I22: 2825129.8 | J22: 2825129.8 | K22: 2825129.8 | L22: 2024000061
A23: MJP000234 | B23: 351 | C23: 05 | D23: 61 | E23: 465-48 | F23: Dotatie Seveso Fonds | G23: E | H23: O | I23: 30000 | J23: 30000 | K23: 30000 | L23: 2024000150
A24: MJP000076 | B24: 351 | C24: 17 | D24: 61 | E24: 485-01 | F24: Toelage ziekenwagens | G24: E | H24: O | I24: 1030000 | J24: 1030000 | K24: 1030000 | L24: 2024000074
A25: MJP000064 | B25: 351 | C25: 01 | D25: 61 | E25: 485-01 | F25: Gem dotatie Arendonk | G25: E | H25: O | I25: 794641 | J25: 893118 | K25: 901472 | L25: 2024000062
A26: MJP000065 | B26: 351 | C26: 02 | D26: 61 | E26: 485-01 | F26: Gem dotatie Baarle-Hertog | G26: E | H26: O | I26: 133678 | J26: 150244 | K26: 151649 | L26: 2024000063
A27: MJP000066 | B27: 351 | C27: 03 | D27: 61 | E27: 485-01 | F27: Gem dotatie Beerse | G27: E | H27: O | I27: 1190724 | J27: 1338286 | K27: 1350803 | L27: 2024000064
A28: MJP000067 | B28: 351 | C28: 04 | D28: 61 | E28: 485-01 | F28: Gem dotatie Hoogstraten | G28: E | H28: O | I28: 1522443 | J28: 1711114 | K28: 1727119 | L28: 2024000065
A29: MJP000068 | B29: 351 | C29: 05 | D29: 61 | E29: 485-01 | F29: Gem dotatie Kasterlee | G29: E | H29: O | I29: 1037242 | J29: 1165783 | K29: 1176687 | L29: 2024000066
A30: MJP000069 | B30: 351 | C30: 06 | D30: 61 | E30: 485-01 | F30: Gem dotatie Lille | G30: E | H30: O | I30: 922130 | J30: 1036406 | K30: 1046100 | L30: 2024000067
A31: MJP000070 | B31: 351 | C31: 07 | D31: 61 | E31: 485-01 | F31: Gem dotatie Merksplas | G31: E | H31: O | I31: 590411 | J31: 663578 | K31: 669785 | L31: 2024000068
A32: MJP000071 | B32: 351 | C32: 08 | D32: 61 | E32: 485-01 | F32: Gem dotatie Oud-Turnhout | G32: E | H32: O | I32: 803305 | J32: 902856 | K32: 911301 | L32: 2024000069
A33: MJP000072 | B33: 351 | C33: 09 | D33: 61 | E33: 485-01 | F33: Gem dotatie Ravels | G33: E | H33: O | I33: 867669 | J33: 975196 | K33: 984317 | L33: 2024000070
... A36: MJP000075 | B36: 351 | C36: 12 | D36: 61 | E36: 485-01 | F36: Gem dotatie Vosselaar | G36: E | H36: O | I36: 574320 | J36: 645493 | K36: 651531 | L36: 2024000073
D37: Totaal 61 | I37: =SUBTOTAL(9,I16:I36) -> 17157601 | J37: =SUBTOTAL(9,J16:J36) -> 18691509 | K37: =SUBTOTAL(9,K16:K36) -> 18821629
D38: Eindtotaal | I38: =SUBTOTAL(9,I4:I36) -> 17870601 | J38: =SUBTOTAL(9,J4:J36) -> 19671869 | K38: =SUBTOTAL(9,K4:K36) -> 19792939
A39: GD - Uitgaven
A40: MJP000173 | B40: 351 | C40: 01 | D40: 70 | E40: 111-01 | F40: Bruto bezoldiging ADM | G40: E | H40: U | I40: 1176895 | J40: 1236607.9 | K40: 1253904.9 | L40: 2024000123
A41: MJP000185 | B41: 351 | D41: 70 | E41: 111-01 | F41: Brutobezoldiging OB | G41: E | H41: U | I41: 6180919.7 | J41: 6648878.3 | K41: 6700985.7 | L41: 2024000134
A42: MJP000181 | B42: 351 | C42: 01 | D42: 70 | E42: 111-08 | F42: Brutovergoeding AMBU | G42: E | H42: U | I42: 124848 | J42: 124848 | K42: 124848 | L42: 2024000130
A43: MJP000186 | B43: 351 | D43: 70 | E43: 111-08 | F43: Brutovergoeding OV | G43: E | H43: U | I43: 2323812.9 | J43: 2435812.9 | K43: 2435812.9 | L43: 2024000135
A44: MJP000179 | B44: 351 | C44: 01 | D44: 70 | E44: 112-01 | F44: Vakantiegeld AMBU | G44: E | H44: U | I44: 6018 | J44: 6018 | K44: 6018 | L44: 2024000128
A45: MJP000180 | B45: 351 | C45: 01 | D45: 70 | E45: 112-01 | F45: Vakantiegeld ADM | G45: E | H45: U | I45: 82129.11 | J45: 88178.89 | K45: 90204.61 | L45: 2024000129
A46: MJP000182 | B46: 351 | C46: 02 | D46: 70 | E46: 112-01 | F46: Vakantiegeld OV | G46: E | H46: U | I46: 59874 | J46: 59874 | K46: 59874 | L46: 2024000131
A47: MJP000187 | B47: 351 | D47: 70 | E47: 112-01 | F47: Vakantiegeld OB | G47: E | H47: U | I47: 318894.82 | J47: 356687.11 | K47: 360019.1 | L47: 2024000136
A48: MJP000178 | B48: 351 | C48: 01 | D48: 70 | E48: 112-48 | F48: Maaltijdcheques ADM | G48: E | H48: U | I48: 39000 | J48: 39000 | K48: 39000 | L48: 2024000127
A49: MJP000183 | B49: 351 | C49: 02 | D49: 70 | E49: 112-48 | F49: Erkentelijkheidspremie | G49: E | H49: U | I49: 5000 | J49: 5000 | K49: 5000 | L49: 2024000132
A50: MJP000188 | B50: 351 | D50: 70 | E50: 112-48 | F50: Maaltijdcheques OB | G50: E | H50: U | I50: 143660 | J50: 143660 | K50: 143660 | L50: 2024000137
A51: MJP000177 | B51: 351 | C51: 01 | D51: 70 | E51: 113-01 | F51: Patr Bijdr RSZ ADM | G51: E | H51: U | I51: 340072.86 | J51: 357957.66 | K51: 362972.91 | L51: 2024000126
A52: MJP000189 | B52: 351 | D52: 70 | E52: 113-01 | F52: Patr Bijdr RSZ OB | G52: E | H52: U | I52: 744394.76 | J52: 798142.51 | K52: 804297.17 | L52: 2024000138
A53: MJP000184 | B53: 351 | C53: 03 | D53: 70 | E53: 113-08 | F53: Patr Bijdr RSZ AMBU | G53: E | H53: U | I53: 15300 | J53: 15300 | K53: 15300 | L53: 2024000133
A54: MJP000190 | B54: 351 | D54: 70 | E54: 113-08 | F54: Patr Bijdr RSZ OV | G54: E | H54: U | I54: 153000 | J54: 153000 | K54: 153000 | L54: 2024000139
A55: MJP000175 | B55: 351 | C55: 01 | D55: 70 | E55: 113-22 | F55: Patr Bijdr PENS ADM | G55: E | H55: U | I55: 82834.71 | J55: 85625.8 | K55: 86379.21 | L55: 2024000125
A56: MJP000191 | B56: 351 | D56: 70 | E56: 113-22 | F56: Patr bijdr PENS OB | G56: E | H56: U | I56: 1534066.2 | J56: 1649267 | K56: 1662335.8 | L56: 2024000140
A57: MJP000192 | B57: 351 | D57: 70 | E57: 115-01 | F57: Verplaatsingsvergoeding | G57: E | H57: U | I57: 15243 | J57: 15243 | K57: 15243 | L57: 2024000141
A58: MJP000193 | B58: 351 | D58: 70 | E58: 116-01 | F58: Tweede pensioenpijler ADM | G58: E | H58: U | I58: 64778.73 | J58: 68569.28 | K58: 69629.29 | L58: 2024000142
A59: MJP000174 | B59: 351 | C59: 01 | D59: 70 | E59: 117-01 | F59: Premie Verzek BA + RB | G59: E | H59: U | I59: 19302.26 | J59: 20813.41 | K59: 20374.66 | L59: 2024000124
A60: MJP000194 | B60: 351 | D60: 70 | E60: 117-01 | F60: Premie verzek AO OB | G60: E | H60: U | I60: 179521.66 | J60: 193397.15 | K60: 194943.91 | L60: 2024000143
A61: MJP000352 | B61: 351 | D61: 70 | E61: 117-01 | F61: Premie verzek AO ADM | G61: E | H61: U | I61: 8416.06 | J61: 8912.11 | K61: 9036.6003 | L61: 2024000182
A62: MJP000353 | B62: 351 | D62: 70 | E62: 117-01 | F62: Premie verzek AO OV | G62: E | H62: U | I62: 191071.06 | J62: 191071.06 | K62: 191071.06 | L62: 2024000183
A63: MJP000354 | B63: 351 | D63: 70 | E63: 117-01 | F63: Premie hospitalisatieverzekering | G63: E | H63: U | I63: 13114.4 | J63: 13114.4 | K63: 13114.4 | L63: 2024000184
A64: MJP000195 | B64: 351 | D64: 70 | E64: 117-02 | F64: Geneeskundige dienst OB en OV | G64: E | H64: U | I64: 138300 | J64: 138600 | K64: 138600 | L64: 2024000144
A65: MJP000196 | B65: 351 | D65: 70 | E65: 118-01 | F65: Patr Bijdr GSDV | G65: E | H65: U | I65: 8794.57 | J65: 9507.74 | K65: 9341.56 | L65: 2024000145
D66: Totaal 70 | I66: =SUBTOTAL(9,I40:I65) -> 13969262 | J66: =SUBTOTAL(9,J40:J65) -> 14863086 | K66: =SUBTOTAL(9,K40:K65) -> 14964967
A67: MJP000136 | B67: 351 | D67: 71 | E67: 121-01 | F67: Reis- en verblijfskosten | G67: E | H67: U | I67: 500 | J67: 500 | K67: 500 | L67: 2024000118
A68: MJP000310 | B68: 351 | C68: 03 | D68: 71 | E68: 122-01 | F68: Brandveilig samenleven | G68: E | H68: U | I68: 10000 | J68: 10000 | K68: 10000 | L68: 2024000173
A69: MJP000309 | B69: 351 | C69: 02 | D69: 71 | E69: 122-01 | F69: Gezondheidsbeleid en projecten | G69: E | H69: U | I69: 20000 | J69: 20000 | K69: 20000 | L69: 2024000172
A70: MJP000061 | B70: 351 | D70: 71 | E70: 122-02 | F70: Intrazonale interventies en AGS | G70: E | H70: U | I70: 10000 | J70: 10000 | K70: 10000 | L70: 2024000059
A71: MJP000137 | B71: 351 | D71: 71 | E71: 122-03 | F71: Erelonen adv not deurwaarder | G71: E | H71: U | I71: 2500 | J71: 2500 | K71: 2500 | L71: 2024000119
A72: MJP000128 | B72: 351 | D72: 71 | E72: 122-04 | F72: Consulting en projectondersteuning | G72: E | H72: U | I72: 30000 | J72: 30000 | K72: 30000 | L72: 2024000110
A73: MJP000057 | B73: 351 | D73: 71 | E73: 122-05 | F73: Presentiegelden commissie jury | G73: E | H73: U | I73: 500 | J73: 500 | K73: 500 | L73: 2024000055
A74: MJP000138 | B74: 351 | D74: 71 | E74: 122-06 | F74: Detacheringen | G74: E | H74: U | I74: 56000 | J74: 56000 | K74: 56000 | L74: 2024000120
A75: MJP000355 | B75: 351 | D75: 71 | E75: 122-48 | F75: Teambuilding | G75: E | H75: U | I75: 14400 | J75: 14400 | K75: 14400 | L75: 2024000185
A76: MJP000238 | B76: 351 | C76: 01 | D76: 71 | E76: 123-01 | F76: Kopieertoestellen : gebruik/huur en verbruik | G76: E | H76: U | I76: 15000 | J76: 15000 | K76: 15000 | L76: 2024000152
A77: MJP000133 | B77: 351 | D77: 71 | E77: 123-02 | F77: Kantoorbenodigdheden | G77: E | H77: U | I77: 10000 | J77: 10000 | K77: 10000 | L77: 2024000115
A78: MJP000134 | B78: 351 | D78: 71 | E78: 123-07 | F78: Frankeringskosten | G78: E | H78: U | I78: 25000 | J78: 25000 | K78: 25000 | L78: 2024000116
A79: MJP000300 | B79: 351 | C79: 01 | D79: 71 | E79: 123-11 | F79: Consultancy IT | G79: E | H79: U | I79: 32000 | J79: 32000 | K79: 32000 | L79: 2024000165
A80: MJP000135 | B80: 351 | D80: 71 | E80: 123-11 | F80: Telefonie en dataverkeer - Telenet | G80: E | H80: U | I80: 60000 | J80: 60000 | K80: 60000 | L80: 2024000117
A81: MJP000050 | B81: 351 | C81: 02 | D81: 71 | E81: 123-12 | F81: Website Promotie Publiciteit | G81: E | H81: U | I81: 10000 | J81: 10000 | K81: 10000 | L81: 2024000048
A82: MJP000003 | B82: 351 | C82: 01 | D82: 71 | E82: 123-12 | F82: Huur server HP | G82: E | H82: U | I82: 4500 | J82: 4500 | K82: 4500 | L82: 2024000003
A83: MJP000045 | B83: 351 | D83: 71 | E83: 123-12 | F83: Ond herst bureelmateriaal en kantoormateriaal | G83: E | H83: U | I83: 1500 | J83: 1500 | K83: 1500 | L83: 2024000044
A84: MJP000199 | B84: 351 | C84: 17 | D84: 71 | E84: 123-13 | F84: Digitaal interventieplan - Certeso (IOS) | G84: E | H84: U | I84: 10000 | J84: 10000 | K84: 10000 | L84: 2024000146
A85: MJP000239 | B85: 351 | C85: 18 | D85: 71 | E85: 123-13 | F85: Brandweer Coach PPMO - Coach App en software | G85: E | H85: U | I85: 6000 | J85: 6000 | K85: 6000 | L85: 2024000153
A86: MJP000240 | B86: 351 | C86: 19 | D86: 71 | E86: 123-13 | F86: Licentie Google-Suite - Securitas (Voorheen Office 365 - Van Roey) | G86: E | H86: U | I86: 70700 | J86: 70700 | K86: 70700 | L86: 2024000154
A87: MJP000241 | B87: 351 | C87: 20 | D87: 71 | E87: 123-13 | F87: Database chemische produkten - BIG | G87: E | H87: U | I87: 10000 | J87: 10000 | K87: 10000 | L87: 2024000155
A88: MJP000242 | B88: 351 | C88: 21 | D88: 71 | E88: 123-13 | F88: Antivirus - Van Roey | G88: E | H88: U | I88: 5000 | J88: 5000 | K88: 5000 | L88: 2024000156
A89: MJP000004 | B89: 351 | C89: 01 | D89: 71 | E89: 123-13 | F89: Informatica klein materieel | G89: E | H89: U | I89: 15000 | J89: 15000 | K89: 15000 | L89: 2024000004
A90: MJP000005 | B90: 351 | C90: 02 | D90: 71 | E90: 123-13 | F90: Licentie Fireplug - JD Soft | G90: E | H90: U | I90: 9000 | J90: 9000 | K90: 9000 | L90: 2024000005
A91: MJP000006 | B91: 351 | C91: 03 | D91: 71 | E91: 123-13 | F91: Voertuigvolgsysteem - Multicap | G91: E | H91: U | I91: 9500 | J91: 9500 | K91: 9500 | L91: 2024000006
A92: MJP000007 | B92: 351 | C92: 04 | D92: 71 | E92: 123-13 | F92: Licentie Cipal Boekhouding - Hermes/Mercurius | G92: E | H92: U | I92: 20000 | J92: 20000 | K92: 20000 | L92: 2024000007
A93: MJP000008 | B93: 351 | C93: 06 | D93: 71 | E93: 123-13 | F93: Licentie Easycad Dispa - Verdi (voorheen Debocom) | G93: E | H93: U | I93: 150000 | J93: 150000 | K93: 150000 | L93: 2024000008
A94: MJP000009 | B94: 351 | C94: 07 | D94: 71 | E94: 123-13 | F94: Gebruiksrecht Astrid | G94: E | H94: U | I94: 150000 | J94: 150000 | K94: 150000 | L94: 2024000009
A95: MJP000010 | B95: 351 | C95: 08 | D95: 71 | E95: 123-13 | F95: Licentie Van Roey - Office 365 | G95: E | H95: U | I95: 10000 | J95: 10000 | K95: 10000 | L95: 2024000010
... A103: MJP000026 | B103: 351 | C103: 16 | D103: 71 | E103: 123-13 | F103: Software voor interventievoertuigen - Gemsotec | G103: E | H103: U | I103: 25000 | J103: 25000 | K103: 25000 | L103: 2024000026
A104: MJP000129 | B104: 351 | D104: 71 | E104: 123-14 | F104: Samenwerking IOK | G104: E | H104: U | I104: 97614 | J104: 97614 | K104: 97614 | L104: 2024000111
A105: MJP000052 | B105: 351 | D105: 71 | E105: 123-16 | F105: Receptie representatie | G105: E | H105: U | I105: 30000 | J105: 30000 | K105: 30000 | L105: 2024000050
A106: MJP000301 | B106: 351 | C106: 02 | D106: 71 | E106: 123-17 | F106: Materiaal voor opleiding personeel | G106: E | H106: U | I106: 16800 | J106: 16800 | K106: 16800 | L106: 2024000166
A107: MJP000356 | B107: 351 | D107: 71 | E107: 123-17 | F107: Beroepsopleiding brandweerpersoneel DGH | G107: E | H107: U | I107: 25000 | J107: 25000 | K107: 25000 | L107: 2024000186
A108: MJP000056 | B108: 351 | C108: 01 | D108: 71 | E108: 123-17 | F108: Beroepsopleiding administratief personeel | G108: E | H108: U | I108: 10000 | J108: 10000 | K108: 10000 | L108: 2024000054
A109: MJP000055 | B109: 351 | D109: 71 | E109: 123-17 | F109: Beroepsopleiding brandweerpersoneel | G109: E | H109: U | I109: 500000 | J109: 500000 | K109: 500000 | L109: 2024000053
...

Sheet Samenvatting
A1: ECG | B1: Omschrijving | C1: 2024 | D1: 2025 | E1: 2026
A2: GEWONE DIENST
B3: ONTVANGSTEN
A4: 60 | B4: Prestaties | C4: =MeerjarenPlan2024_2026!I15 -> 713000 | D4: =MeerjarenPlan2024_2026!J15 -> 980360 | E4: =MeerjarenPlan2024_2026!K15 -> 971310
A5: 61 | B5: Overdrachten | C5: =MeerjarenPlan2024_2026!I37 -> 17157601 | D5: =MeerjarenPlan2024_2026!J37 -> 18691509 | E5: =MeerjarenPlan2024_2026!K37 -> 18821629
C6: =SUM(C4:C5) -> 17870601 | D6: =SUM(D4:D5) -> 19671869 | E6: =SUM(E4:E5) -> 19792939
B7: UITGAVEN
A8: 70 | B8: Personeel | C8: =MeerjarenPlan2024_2026!I66 -> 13969262 | D8: =MeerjarenPlan2024_2026!J66 -> 14863086 | E8: =MeerjarenPlan2024_2026!K66 -> 14964967
A9: 71 | B9: Werking | C9: =MeerjarenPlan2024_2026!I146 -> 3366245 | D9: =MeerjarenPlan2024_2026!J146 -> 3406695 | E9: =MeerjarenPlan2024_2026!K146 -> 3434569.5
A10: 72 | B10: Overdracht | C10: =MeerjarenPlan2024_2026!I154 -> 692700 | D10: =MeerjarenPlan2024_2026!J154 -> 693060 | E10: =MeerjarenPlan2024_2026!K154 -> 693423.6
A11: 7X | B11: Schuld | C11: =MeerjarenPlan2024_2026!I160 -> 0 | D11: =MeerjarenPlan2024_2026!J160 -> 709029 | E11: =MeerjarenPlan2024_2026!K160 -> 699979
C12: =SUM(C8:C11) -> 18028207 | D12: =SUM(D8:D11) -> 19671870 | E12: =SUM(E8:E11) -> 19792939
B13: SALDO | C13: =C6-C12 -> -157606.04 | D13: =D6-D12 -> -1.33 | E13: =E6-E12 -> -0.11987846
A15: BUITENGEWONE DIENST
B16: ONTVANGSTEN
A17: 80 | B17: Overdracht | C17: =MeerjarenPlan2024_2026!I176 -> 1442000 | D17: =MeerjarenPlan2024_2026!J176 -> 2740000 | E17: =MeerjarenPlan2024_2026!K176 -> 1735003
A18: 81 | B18: Investeringen | C18: =MeerjarenPlan2024_2026!I178 -> 10000 | D18: =MeerjarenPlan2024_2026!J178 -> 10000 | E18: =MeerjarenPlan2024_2026!K178 -> 10000
A19: 82 | B19: Schuld | C19: =MeerjarenPlan2024_2026!I181 -> 0 | D19: =MeerjarenPlan2024_2026!J181 -> 7500000 | E19: =MeerjarenPlan2024_2026!K181 -> 0
C20: =SUM(C17:C19) -> 1452000 | D20: =SUM(D17:D19) -> 10250000 | E20: =SUM(E17:E19) -> 1745003
B21: UITGAVEN
A22: 90 | B22: Overdracht | C22: =MeerjarenPlan2024_2026!I186 -> 0 | D22: =MeerjarenPlan2024_2026!J186 -> 7500000 | E22: =MeerjarenPlan2024_2026!K186 -> 0
A23: 91 | B23: Investeringen | C23: =MeerjarenPlan2024_2026!I208 -> 1425000 | D23: =MeerjarenPlan2024_2026!J208 -> 1990000 | E23: =MeerjarenPlan2024_2026!K208 -> 1745000
C24: =SUM(C22:C23) -> 1425000 | D24: =SUM(D22:D23) -> 9490000 | E24: =SUM(E22:E23) -> 1745000
B25: SALDO | C25: =C20-C24 -> 27000 | D25: =D20-D24 -> 760000 | E25: =E20-E24 -> 3
